 Dungeon Crawl Stone Soup version 0.29-a0-219-g0a02b1cf4f (webtiles) character file.

Game seed: 11715292950233251906

14178 benadryl the Grappler (level 11, 0/111 HPs)
             Began as a Troll Brigand on Feb 24, 2022.
             Was a High Priest of Nemelex Xobeh.
             Slain by a four-headed hydra (12 damage)
             ... on level 4 of the Lair of Beasts on Feb 25, 2022.
             The game lasted 00:26:25 (9094 turns).

benadryl the Grappler (Troll Brigand)               Turns: 9094, Time: 00:26:26

Health: 0/111      AC:  8    Str: 31    XL:     11   Next: 85%
Magic:  16/16      EV: 11    Int: 13    God:    Nemelex Xobeh [*****.]
Gold:   756        SH:  0    Dex: 11    Spells: 10/10 levels left

rFire   . . .      SeeInvis .     - Unarmed
rCold   . . .      Faith    .   (no shield)
rNeg    . . .      Spirit   .   q - +2 robe {Will+}
rPois   .          Reflect  .   (helmet restricted)
rElec   .          Harm     .   c - +1 cloak
rCorr   .          Rampage  .   (gloves unavailable)
Will    +....                   (boots unavailable)
Stlth   +.........              (no amulet)
HPRegen 1.08/turn               e - +6 ring of strength
MPRegen 0.15/turn               w - +6 ring of intelligence

@: confused, lethally poisoned (0 -> -1), very slow
A: large, unfitting armour, claws 3, regeneration 1, shaggy fur 1, tough skin 1
a: Renounce Religion, Draw Escape, Draw Destruction, Draw Summoning, Triple
Draw, Deal Four, Stack Five


You were on level 4 of the Lair of Beasts.
You worshipped Nemelex Xobeh.
Nemelex Xobeh was extremely pleased with you.
You visited 2 branches of the dungeon, and saw 12 of its levels.
You also visited: Sewer.

You collected 756 gold pieces.

Inventory:

Hand Weapons
 a - a +0 whip of freezing
 r - a +0 giant club of flaming
 C - a +3 dagger of chaos
Missiles
 d - 18 poisoned darts
 k - 6 datura-tipped darts
 p - 3 curare-tipped darts
 u - 4 throwing nets (quivered)
Armour
 c - a +1 cloak (worn)
 q - a +2 robe of willpower (worn)
Jewellery
 e - a +6 ring of strength (left claw)
 w - a +6 ring of intelligence (right claw)
Wands
 h - a wand of acid (7)
 s - a wand of polymorph (1)
 v - a wand of paralysis (11)
 y - a wand of iceblast (4)
 D - a wand of mindburst (17)
Scrolls
 j - 6 scrolls of teleportation
 m - a scroll of immolation
 n - a scroll of fog
Potions
 b - 2 potions of curing {@q1}
 g - 3 potions of attraction
 i - a potion of cancellation
 l - 7 potions of flight
 o - 2 potions of magic
 t - 3 potions of ambrosia
 x - a potion of brilliance {unknown}
 z - 2 potions of lignification {unknown}
 A - 3 potions of might
 E - 2 potions of mutation {unknown}


   Skills:
 + Level 8.1 Fighting
 - Level 1.5 Short Blades
 - Level 1.7 Throwing
 + Level 4.5 Dodging
 - Level 2.1 Stealth
 + Level 12.7 Unarmed Combat
 * Level 9.0 Invocations


You had 10 spell levels left.
You didn't know any spells.
Your spell library contained the following spells:

 Spells                   Type           Power      Damage    Failure   Level
 Animate Skeleton         Necr           0%         N/A       30%         1
 Pain                     Necr           0%         1d4       30%         1
 Gell's Gravitas          Tloc           0%         N/A       67%         3
 Teleport Other           Tloc           0%         N/A       67%         3
 Tukima's Dance           Hex            0%         N/A       67%         3
 Vampiric Draining        Necr           0%         2d6       67%         3
 Airstrike                Air            0%         N/A       97%         4
 Passage of Golubria      Tloc           0%         N/A       97%         4
 Summon Lightning Spire   Summ/Air       0%         N/A       97%         4
 Lightning Bolt           Conj/Air       0%         1d11      100%        5
 Silence                  Hex/Air        0%         N/A       100%        5
 Yara's Violent Unravell  Hex/Tmut       0%         3d3       100%        5
 Dispersal                Tloc           0%         N/A       100%        6
 Lehudib's Crystal Spear  Conj/Erth      0%         10d2      100%        8


Dungeon Overview and Level Annotations

Branches:
Dungeon (9/15)             Temple (0/1) D:6            Lair (2/6) D:9
 Shoals (0/4) Lair:2        Snake (0/4) Lair:4        Sewer (visited)
    Orc: D:9-12

Altars:
Gozag
Nemelex Xobeh
Okawaru
Beogh

Shops:
D:4 *(:*=

Annotations:
Lair:1 3 runed translucent doors, mcwallace's ghost, journeyman FoFi
Lair:2 exclusion: 2 oklob plants


Innate Abilities, Weirdness & Mutations

You are too large for most types of armour.
You have claws for hands.
Your natural rate of healing is unusually fast.
You are covered in fur. (AC +1)
You have tough skin. (AC +1)


Message History

The swamp drake breathes poison at you. The noxious blast misses you.
The swamp drake bites you but does no damage.
The four-headed hydra bites you. The four-headed hydra bites you! x2
The four-headed hydra closely misses you.
You are too confused!
Your magical effects are unravelling.
You feel magically purged.
You are engulfed in noxious fumes.
You choke on the stench!
You are more confused.
You feel sick.
The swamp drake bites you but does no damage.
The four-headed hydra closely misses you.
The four-headed hydra bites you. The four-headed hydra bites you!
The four-headed hydra bites you but does no damage.
The swamp drake bites you. The six-headed hydra bites you! x2
The six-headed hydra bites you but does no damage.
The six-headed hydra closely misses you.
The six-headed hydra bites you. The six-headed hydra bites you!
* * * LOW HITPOINT WARNING * * *
Okay, then.
You are too confused!
You are too confused!
Your magical effects are unravelling.
You feel magically purged.
You are engulfed in noxious fumes.
You choke on the stench!
You are more confused.
You feel sick.
The vampire mosquito bites you but does no damage.
The vampire mosquito bites you!
* * * LOW HITPOINT WARNING * * *
The vampire mosquito draws strength from your injuries!
The tyrant leech is engulfed in noxious fumes.
The tyrant leech closely misses you. The four-headed hydra bites you!
* * * LOW HITPOINT WARNING * * *
The four-headed hydra bites you but does no damage.
The four-headed hydra barely misses you.
The four-headed hydra bites you!
You die...
Your body glows with a rainbow of weird colours and disappears.

≈#≈≈≈###≈≈≈..≈
#≈≈≈≈≈≈≈≈≈≈≈.###
#≈≈≈.≈≈≈≈≈≈.#≈≈≈
..
.≈..≈≈≈≈#Dw.≈≈≈≈
.$
≈.≈≈P≈..≈≈.≈≈≈≈
..
#≈#P≈≈°Dk.≈≈≈#
≈≈≈≈≈wkDw..#≈#≈≈
..
#≈≈≈≈#@°.≈≈≈≈≈≈
.W
≈≈≈≈≈°Dwy..≈≈≈≈#
..
≈#≈≈≈≈ky...≈≈≈P#
≈≈#≈≈≈≈.≈#..≈.≈≈
#≈≈≈...≈≈≈≈≈≈≈
≈≈≈≈≈.≈.≈≈≈..≈.
#≈≈≈≈.≈≈.P.#≈≈≈≈
≈≈≈≈≈P≈..P≈≈≈###
#$.≈≈≈....≈ ≈


You could see a six-headed hydra, 2 four-headed hydras, a swamp dragon, 3 tyrant
leeches, a swamp worm, 3 swamp drakes and 2 vampire mosquitoes.

Vanquished Creatures
  Harold (D:6)
  A two-headed ogre (D:9)
  Pikel (D:4)
  A black mamba (Lair:2)
  Joseph (D:7)
  2 cane toads
  A rime drake (Lair:1)
  Prince Ribbit (D:7)
  10 blink frogs
  8 yaks
  2 wyverns
  A basilisk (Lair:2)
  A naga (Lair:4)
  5 water moccasins
  2 orc warriors
  5 black bears
  3 ice beasts
  2 sky beasts
  2 centaurs (D:8)
  3 ogres
  5 wolves (Lair:2)
  2 lemures (D:4)
  3 phantoms
  2 kobold brigands
  5 bullfrogs
  A gnoll sergeant (D:8)
  5 scorpions
  8 killer bees
  A water moccasin skeleton (D:6)
  5 wights (D:7)
  2 howler monkeys
  3 electric eels (Lair:2)
  3 centaur zombies (D:9)
  4 hounds
  A centaur skeleton (D:5)
  3 orc priests
  2 bullfrog skeletons
  4 iguanas (D:5)
  3 orc wizards
  A howler monkey zombie (D:8)
  12 gnolls
  7 adders
  A howler monkey skeleton (D:7)
  8 river rats
  An adder skeleton (D:4)
  4 worms
  7 dart slugs
  18 orcs
  11 endoplasms
  8 giant cockroaches
  9 hobgoblins
  2 jackals (D:8)
  14 quokkas
  14 ball pythons
  11 bats
  4 frilled lizards
  13 goblins
  14 kobolds
  6 rats
280 creatures vanquished.

Vanquished Creatures (collateral kills)
  A black mamba (Lair:1)
  Psyche (D:8)
  2 blink frogs (Lair:2)
  3 yaks
  3 basilisks (Lair:2)
  6 killer bees (Lair:2)
16 creatures vanquished.

Vanquished Creatures (others)
  An orc (D:7)
  17 fungi
  17 plants
  A withered plant (D:2)
36 creatures vanquished.

Grand Total: 332 creatures vanquished

Notes
Turn   | Place    | Note
-------+----------+-------------------------------------------
     0 | D:1      | benadryl the Troll Brigand began the quest for the Orb.
     0 | D:1      | Reached XP level 1. HP: 19/19 MP: 0/0
   159 | D:1      | Reached skill level 1 in Unarmed Combat
   253 | D:1      | Reached XP level 2. HP: 28/28 MP: 1/1
   393 | D:1      | Reached skill level 2 in Unarmed Combat
   527 | D:1      | Reached XP level 3. HP: 35/35 MP: 2/2
  1077 | D:2      | Reached skill level 3 in Unarmed Combat
  1077 | D:2      | Reached XP level 4. HP: 33/44 MP: 3/3
  1220 | D:2      | Found a faded altar of an unknown god.
  1672 | D:2      | Prayed at the altar of an unknown god.
  1672 | D:2      | Became a worshipper of Nemelex Xobeh the Trickster
  1672 | D:2      | Reached * piety under Nemelex Xobeh
  1880 | D:3      | Received a gift from Nemelex Xobeh
  1928 | D:3      | Noticed a black bear
  1933 | D:3      | Killed a black bear
  1934 | D:3      | Reached skill level 4 in Unarmed Combat
  1934 | D:3      | Reached skill level 1 in Invocations
  1934 | D:3      | Reached XP level 5. HP: 40/52 MP: 4/4
  2281 | D:4      | Reached ** piety under Nemelex Xobeh
  2287 | D:4      | Found Ryup's General Store.
  2291 | D:4      | Found Nifuynek's Book Shoppe.
  2307 | D:4      | Noticed an ogre
  2364 | D:4      | Reached XP level 6. HP: 60/61 MP: 6/6
  2385 | D:4      | Found a glowing drain.
  2389 | Sewer    | Entered a sewer
  3004 | D:4      | Reached skill level 5 in Unarmed Combat
  3051 | D:4      | Noticed Pikel
  3069 | D:4      | Killed Pikel
  3070 | D:4      | Reached skill level 6 in Unarmed Combat
  3070 | D:4      | Reached XP level 7. HP: 43/70 MP: 6/8
  3152 | D:4      | Reached XP level 8. HP: 72/78 MP: 9/9
  3154 | D:4      | Found Huazuhi's Jewellery Boutique.
  3319 | D:4      | Found Xuogug's General Store.
  3367 | D:4      | Found Abriul's Weapon Boutique.
  3430 | D:4      | Received a gift from Nemelex Xobeh
  3681 | D:5      | Entered Level 5 of the Dungeon
  3740 | D:5      | Reached skill level 7 in Unarmed Combat
  4135 | D:5      | Reached *** piety under Nemelex Xobeh
  4220 | D:5      | Reached skill level 8 in Unarmed Combat
  4257 | D:5      | Found an iron altar of Okawaru.
  4304 | D:5      | Reached skill level 5 in Fighting
  4510 | D:6      | Found a staircase to the Ecumenical Temple.
  4524 | D:6      | Reached XP level 9. HP: 85/88 MP: 11/11
  4627 | D:6      | Found an opulent altar of Gozag.
  4860 | D:7      | Reached skill level 5 in Invocations
  4876 | D:7      | Reached skill level 9 in Unarmed Combat
  4882 | D:7      | Noticed Harold
  5002 | D:6      | Killed Harold
  5065 | D:7      | Reached skill level 10 in Unarmed Combat
  5181 | D:7      | Noticed Prince Ribbit
  5196 | D:7      | Killed Prince Ribbit
  5277 | D:7      | Received a gift from Nemelex Xobeh
  5284 | D:7      | Noticed Joseph
  5290 | D:7      | Killed Joseph
  5291 | D:7      | Reached XP level 10. HP: 85/100 MP: 13/13
  5990 | D:8      | Reached skill level 1 in Dodging
  6072 | D:8      | Received a gift from Nemelex Xobeh
  6209 | D:8      | Noticed Psyche
  6211 | D:8      | Identified the -2 hand axe of the Silent Majority {vorpal,
                  | Will++ SInv}
  6215 | D:8      | Killed Psyche
  6216 | D:8      | Reached skill level 11 in Unarmed Combat
  6234 | D:8      | Reached **** piety under Nemelex Xobeh
  6567 | D:9      | Noticed a two-headed ogre
  6571 | D:9      | Killed a two-headed ogre
  6806 | D:9      | Found a staircase to the Lair.
  6919 | D:9      | Received a gift from Nemelex Xobeh
  6977 | Lair:1   | Entered Level 1 of the Lair of Beasts
  7059 | Lair:1   | Reached XP level 11. HP: 109/109 MP: 15/15
  7226 | Lair:1   | Found a runed translucent gate.
  7226 | Lair:1   | Found a runed translucent gate.
  7227 | Lair:1   | Found a runed translucent gate.
  7230 | Lair:1   | Noticed mcwallace's ghost (journeyman FoFi)
  7295 | Lair:1   | Reached skill level 12 in Unarmed Combat
  7405 | Lair:1   | Upgraded the game from 0.29-a0-214-g17f627cfee to
                  | 0.29-a0-219-g0a02b1cf4f
  7414 | Lair:1   | Reached ***** piety under Nemelex Xobeh
  8676 | Lair:2   | Identified the +5 executioner's axe of Brutal Revenge
                  | {vorpal, rN++}
  8800 | Lair:2   | Found a staircase to the Shoals.
  9051 | Lair:2   | Noticed an oklob plant
  9051 | Lair:2   | Noticed an oklob plant
  9084 | Lair:2   | You fall into a shaft and drop 2 floors!
  9084 | Lair:4   | Found a staircase to the Snake Pit.
  9088 | Lair:4   | Noticed a four-headed hydra
  9090 | Lair:4   | Noticed a six-headed hydra
  9090 | Lair:4   | Noticed a four-headed hydra
  9091 | Lair:4   | Noticed a swamp dragon
  9094 | Lair:4   | Slain by a four-headed hydra

Illustrated notes

Levels and vault maps discovered:
D:1:      amcnicky_arrival_double_pillar, layout_basic, patterned_corridor
D:2:      layout_basic, shapermc_ecumenical_altar_flowoftime
D:3:      layout_rooms
D:4:      layout_cave_pools, serial_shops, shop, nicolae_shop_crystal, shop,
          shop_statue, nicolae_shop_hallway_plus, portal_sewer_entry_e,
          uniq_pikel
D:5:      layout_basic, okawaru_metal_pillars_1_2
D:6:      layout_rooms, lemuel_coloured_pillars_altar,
          minmay_temple_entry_mini_moons
D:7:      layout_basic, minmay_misc_feat_cross, uniq_harold, uniq_joseph,
          uniq_prince_ribbit1
D:8:      layout_rooms, special_room [special_room_orc], uniq_psyche
D:9:      layout_roguey, grunt_lair_entry_orc_guard_hut
Lair:1:   layout_regular_city, ebering_ghost_rock_garden
Lair:2:   regret_index_harrowing_hell_hive, layout_loops_ring,
          elwin_shoals_entry_rocks, infiniplex_staircase_pool, lemuel_fruit_tree
Lair:4:   onia_ninara_swampy_vault, layout_regular_city,
          minmay_snake_entry_guardpost_small, basic_altar, serial_bayou_pond_e,
          pond, uniq_josephine, uniq_amaemon

Skill      XL: |  1  2  3  4  5  6  7  8  9 10 11 |
---------------+----------------------------------+-----
Unarmed Combat | 1 2 3 4 6 8 10 11 12 | 12.7
Fighting       | 2 3 4 5 6 7 8 |  8.1
Invocations    | 1 3 4 6 7 9 |  9.0
Dodging        | 2 4 |  4.5
Short Blades   | |  1.5
Throwing       | |  1.7
Stealth        | |  2.1

Action                   |  1- 3 |  4- 6 |  7- 9 | 10-12 || total
-------------------------+-------+-------+-------+-------++-------
Melee: Unarmed           |    96 |   178 |   213 |   278 ||   765
       Punch             |     1 |     4 |     5 |    18 ||    28
Throw: Dart              |       |     9 |     6 |       ||    15
       Throwing net      |       |       |     3 |       ||     3
Invok: Draw Destruction  |       |     1 |     4 |    14 ||    19
       Draw Summoning    |       |       |       |     5 ||     5
       Draw Escape       |       |       |       |     3 ||     3
Evoke: Wand              |       |       |       |     3 ||     3
  Use: Scroll            |       |     9 |     1 |     9 ||    19
       Potion            |       |     1 |       |     8 ||     9
 Stab: Sleeping          |     1 |     8 |     3 |     2 ||    14
       Distracted        |       |       |     1 |       ||     1
       Held in net/web   |       |       |     3 |       ||     3
Armor: Robe              |    40 |    85 |    69 |   110 ||   304
Dodge: Dodged            |    42 |    79 |    81 |   172 ||   374

Table legend: (Time is in decaauts)
 A = Elapsed time spent in this place.
 B = Non-inter-level travel time spent in this place.
 C = Inter-level travel time spent in this place.
 D = Time resting spent in this place.
 E = Time spent auto-exploring this place.
 F = Levels seen in this place.
 G = Mean time per level.
                   A        B        C        D        E       F      G
               +--------+--------+--------+--------+--------+-----+--------+
         Total |   9073 |   8670 |    403 |   1410 |   5098 |  13 |  697.9 |
       Dungeon |   6369 |   5987 |    382 |    413 |   4114 |   9 |  707.7 |
          Lair |   2093 |   2072 |     21 |    766 |    962 |   3 |  697.7 |
         Sewer |    610 |    610 |      0 |    231 |     21 |   1 |  610.0 |
               +--------+--------+--------+--------+--------+-----+--------+

Top non-repeatable levels by time:
  Lair:1: 1224 daAuts
  Lair:2: 858 daAuts
     D:1: 857 daAuts
     D:2: 843 daAuts
     D:4: 835 daAuts
     D:7: 825 daAuts
     D:5: 742 daAuts
   Sewer: 610 daAuts
     D:8: 596 daAuts
     D:3: 571 daAuts
     D:9: 568 daAuts
     D:6: 528 daAuts
  Lair:4: 10 daAuts
